 Dungeon Crawl Stone Soup version 0.22.1-1-ga44c0e5 (webtiles) character file.

1307 MalarOregon the Chiller (level 8, -3/60 HPs)
             Began as a Merfolk Ice Elementalist on Nov 11, 2018.
             Slain by a mummy (17 damage)
             ... in an ossuary.
             The game lasted 00:19:11 (6541 turns).

MalarOregon the Chiller (Merfolk Ice Elementalist)  Turns: 6541, Time: 00:19:11

Health: -3/60      AC:  4    Str: 14    XL:     8   Next: 57%
Magic:  12/12      EV: 20    Int: 16    God:
Gold:   170        SH:  9    Dex: 22    Spells: 2/13 levels left

rFire    . . .     SeeInvis .   n - +0 falchion
rCold    . . .     Gourm    .   p - +0 shield
rNeg     . . .     Faith    .   a - +0 robe
rPois    .         Spirit   .   (no helmet)
rElec    .         Reflect  .   k - +0 cloak
rCorr    .         Harm     .   c - +0 pair of gloves
MR       .....                  (no boots)
Stlth    +++.......             l - amulet of rage
HPRegen  0.20/turn              q - ring of wizardry
MPRegen  0.13/turn              w - +3 ring of dexterity

@: mighty, agile
A: change form in water, swift swim, stealthy swim
a: Evoke Berserk Rage


You were in an ossuary.
You were near starving.

You visited 1 branch of the dungeon, and saw 5 of its levels.
You also visited: Ossuary.

You collected 170 gold pieces.

Inventory:

Hand Weapons
 n - a +0 falchion (weapon)
   (You found it on level 2 of the Dungeon)
Missiles
 s - 6 needles of confusion
 v - a throwing net (quivered) {!f}
Armour
 a - a +0 robe (worn)
 c - a +0 pair of gloves (worn)
   (You found it on level 1 of the Dungeon)
 k - a +0 cloak (worn)
   (You found it on level 1 of the Dungeon)
 p - a +0 shield (worn)
   (You found it on level 2 of the Dungeon)
Jewellery
 l - an amulet of rage (around neck)
   (You found it on level 1 of the Dungeon)
 q - a ring of wizardry (left hand)
   (You found it on level 3 of the Dungeon)
 w - a +3 ring of dexterity (right hand)
   (You found it on level 4 of the Dungeon)
Wands
 x - a wand of acid (3)
   (You found it on level 2 of the Dungeon)
Scrolls
 g - 6 scrolls of remove curse {@r2}
 z - a scroll of fear
 A - a scroll of teleportation {@r4}
Potions
 b - 3 potions of mutation {!q}
 d - a potion of resistance {unknown}
 h - a potion of lignification {unknown}
 i - a potion of curing {unknown}
 j - a potion of ambrosia {unknown}
 m - a potion of cancellation {unknown}
 o - a potion of heal wounds {@q2}
 t - a potion of flight {unknown}
Comestibles
 e - 6 rations {!d}


   Skills:
 + Level 4.0 Fighting
 + Level 5.7 Dodging
 - Level 2.1 Stealth
 + Level 3.4 Shields
 - Level 3.0 Spellcasting
 + Level 2.4 Conjurations
 + Level 2.8 Summonings
 * Level 7.0 Ice Magic


You had 2 spell levels left.
You knew the following spells:

 Your Spells              Type           Power        Failure   Level  Hunger
a - Freeze                Ice            ####         1%          1    #......
c - Throw Icicle          Conj/Ice       ###.....     41%         4    #####..
d - Summon Ice Beast      Ice/Summ       ###.....     38%         4    #####..
x - Throw Frost           Conj/Ice       ###...       8%          2    ##.....

Your spell library contained the following spells:

 Spells                   Type           Power        Failure   Level  Hunger
 Ozocubu's Armour         Chrm/Ice       ##......     24%         3    ###....


Dungeon Overview and Level Annotations

Branches:
Dungeon (5/15)
 Temple: D:4-7

Altars:
Elyvilon
Hepliaklqana
Makhleb
Okawaru
Qazlal
Sif Muna
Trog
Uskayaw
Vehumet
Wu Jian
Xom


Message History

You block the scorpion's attack. You block the human zombie's attack.
Aim: a scorpion (almost dead)
You freeze the scorpion.
You kill the scorpion!
Your Ice Magic skill increases to level 7!
A mummy opens the door.
You block the scorpion zombie's attack. 2 zombies come into view.
The scorpion zombie completely misses you.
The hobgoblin zombie moves out of view.
There is an open door here.
You hit the human zombie. The human zombie hits you.
* * * LOW HITPOINT WARNING * * *
You hit the human zombie. The scorpion zombie hits you.
* * * LOW HITPOINT WARNING * * *
The human zombie hits you.
* * * LOW HITPOINT WARNING * * *
There is an open door here.
You feel very mighty all of a sudden. You block the scorpion zombie's attack.
You hit the scorpion zombie. The scorpion zombie hits you.
* * * LOW HITPOINT WARNING * * *
You feel agile all of a sudden. You block the scorpion zombie's attack.
You barely miss the human zombie. You block the human zombie's attack.
The scorpion zombie misses you.
You riposte.
You slash the scorpion zombie!
The human zombie hits you but does no damage.
You barely miss the human zombie. The scorpion zombie barely misses you.
The human zombie closely misses you.
You hit the human zombie. You block the scorpion zombie's attack.
The human zombie hits you!
* * * LOW HITPOINT WARNING * * *
You slash the human zombie!
You destroy the human zombie!
Your Fighting skill increases to level 4!
The scorpion zombie misses you. You block the gnoll zombie's attack.
You hit the scorpion zombie. You block the scorpion zombie's attack.
The gnoll zombie misses you.
The scorpion zombie completely misses you.
You hit the scorpion zombie. You block the gnoll zombie's attack.
The mummy misses you. You block the scorpion zombie's attack.
You hit the scorpion zombie.
You destroy the scorpion zombie!
The gnoll zombie hits you.
* * * LOW HITPOINT WARNING * * *
You slash the gnoll zombie! The gnoll zombie misses you.
The mummy completely misses you. You block the gnoll zombie's attack.
You slash the gnoll zombie!
You destroy the gnoll zombie!
The mummy hits you!
You die...

#####################
#.....#.....#...#..!#
#.....#.....'^..#?.?+ Z.#
#.....8.....#^..#M..# ..
#...........##'#######'##
#.......†...#...#...#M..#
###8.....8###...#...8...#
#...........#...#...Z...#
#...........##@###8...8##
#.....8.....#.M.#...†...#
#.....#.....#...'...8...#
#.....#.....#...#...#...#
##'#######'###########+##
#.. #?!M#..^#...#...# #.
+..?#.^.'...8...# #
#!.M#...#.......#
##############8...8##


You could see a mummy.

Vanquished Creatures
  Eustachio (D:4)
  An ice beast (D:4)
  A phantom (D:4)
  A bullfrog (D:5)
  6 scorpions
  2 howler monkeys (D:5)
  A centaur zombie (Ossuary)
  A human zombie (Ossuary)
  An orc wizard (D:2)
  A hound (D:5)
  An iguana (D:4)
  A worker ant (D:5)
  A big kobold zombie (Ossuary)
  A hound skeleton (D:4)
  A mummy (Ossuary)
  3 adders (D:4)
  17 gnolls
  3 scorpion zombies (Ossuary)
  2 oozes
  2 worms
  A dart slug (D:1)
  4 leopard geckos
  5 orcs
  11 bats
  4 giant cockroaches
  3 gnoll zombies (Ossuary)
  9 goblins
  7 hobgoblins
  3 kobolds (D:1)
  4 quokkas
  10 frilled lizards
  4 goblin zombies
  A hobgoblin zombie (Ossuary)
  A kobold zombie (Ossuary)
  A leopard gecko zombie (D:5)
  2 orc zombies (Ossuary)
  8 rats
126 creatures vanquished.

Notes
Turn   | Place    | Note
-------+----------+-------------------------------------------
     0 | D:1      | MalarOregon the Merfolk Ice Elementalist began the quest
                  | for the Orb.
     0 | D:1      | Reached XP level 1. HP: 13/13 MP: 3/3
   176 | D:1      | Reached XP level 2. HP: 18/20 MP: 1/5
   183 | D:1      | Learned a level 2 spell: Throw Frost
   486 | D:1      | Reached skill level 1 in Fighting
   566 | D:1      | Reached XP level 3. HP: 26/26 MP: 3/6
   816 | D:2      | Found a faded altar of an unknown god.
   844 | D:2      | Reached skill level 4 in Ice Magic
  1141 | D:2      | Found a radiant altar of Vehumet.
  1142 | D:2      | Found a burning altar of Makhleb.
  1362 | D:2      | Found a hide-covered altar of Uskayaw.
  1460 | D:2      | Found a white marble altar of Elyvilon.
  1468 | D:2      | Found a deep blue altar of Sif Muna.
  1468 | D:2      | Found a hazy altar of Hepliaklqana.
  1473 | D:2      | Reached XP level 4. HP: 32/32 MP: 1/7
  1507 | D:2      | Found a shimmering altar of Xom.
  2079 | D:3      | Reached XP level 5. HP: 36/38 MP: 1/9
  2200 | D:3      | Reached skill level 1 in Shields
  2659 | D:3      | Reached skill level 5 in Ice Magic
  2663 | D:3      | Reached XP level 6. HP: 17/44 MP: 4/10
  2851 | D:3      | Learned a level 4 spell: Throw Icicle
  2856 | D:3      | Learned a level 4 spell: Summon Ice Beast
  3153 | D:3      | Found an iron altar of Okawaru.
  3153 | D:3      | Found a bloodstained altar of Trog.
  3166 | D:3      | Found a stormy altar of Qazlal.
  3168 | D:3      | Found a faded altar of an unknown god.
  3170 | D:3      | Found an ornate altar of the Wu Jian Council.
  3350 | D:4      | Noticed a phantom
  4537 | D:4      | Reached skill level 1 in Conjurations
  4636 | D:4      | Noticed Eustachio
  4671 | D:4      | Killed Eustachio
  4671 | D:4      | Reached skill level 1 in Summonings
  4671 | D:4      | Reached XP level 7. HP: 17/51 MP: 0/11
  5030 | D:4      | Reached skill level 6 in Ice Magic
  5285 | D:4      | Reached skill level 5 in Dodging
  5597 | D:5      | Entered Level 5 of the Dungeon
  5670 | D:5      | Reached XP level 8. HP: 53/58 MP: 8/12
  5798 | D:5      | Found a sand-covered staircase.
  5941 | Ossuary  | Entered an ossuary
  6012 | Ossuary  | HP: 3/60 [scorpion zombie (3)]
  6522 | Ossuary  | Reached skill level 7 in Ice Magic
  6541 | Ossuary  | Slain by a mummy

Skill      XL: |  1  2  3  4  5  6  7  8 |
---------------+-------------------------+-----
Dodging        | 3 4 5 |  5.7
Fighting       | 1 2 3 4 |  4.0
Ice Magic      | 4 5 6 7 |  7.0
Shields        | 1 2 3 |  3.4
Spellcasting   | 3 |  3.0
Conjurations   | 1 2 |  2.4
Summonings     | 1 2 |  2.8
Stealth        | |  2.1

Action                   |  1- 3 |  4- 6 |  7- 9 || total
-------------------------+-------+-------+-------++-------
Melee: Unarmed           |    32 |       |       ||    32
       Falchion          |     3 |    72 |   132 ||   207
 Cast: Freeze            |    52 |   101 |    67 ||   220
       Throw Frost       |       |     1 |     1 ||     2
 Abil: Evoke Berserk Rag |       |       |     2 ||     2
Evoke: Wand              |       |     2 |     2 ||     4
  Use: Scroll            |     5 |     3 |     1 ||     9
       Potion            |       |       |     5 ||     5
 Stab: Sleeping          |     1 |     2 |       ||     3
       Distracted        |       |       |     1 ||     1
  Eat: Chunk             |     3 |     8 |     3 ||    14
       Ration            |       |     1 |     1 ||     2
Armor: Robe              |    16 |    33 |    31 ||    80
Dodge: Dodged            |    64 |   104 |   115 ||   283
Block: Shield            |     3 |    65 |   105 ||   173
       Rpst.: Falchion   |     2 |    22 |    38 ||    62
